 Dungeon Crawl Stone Soup version 0.21.1-68-g103a7afc0a (webtiles) character file.

25 Raybro228 the Caller (level 2, 0/15 HPs)
             Began as a Deep Elf Summoner on Aug 3, 2018.
             Slain by a frilled lizard (2 damage)
             ... on level 2 of the Dungeon.
             The game lasted 00:06:30 (937 turns).

Raybro228 the Caller (Deep Elf Summoner)             Turns: 937, Time: 00:06:30

Health: 0/15       AC:  2    Str:  5    XL:     2   Next: 86%
Magic:  3/8        EV: 13    Int: 19    God:
Gold:   63         SH:  0    Dex: 15    Spells: 5/8 levels left

rFire    . . .     SeeInvis .   e - +2 dagger (protect)
rCold    . . .     Gourm    .   (no shield)
rNeg     . . .     Faith    .   a - +0 robe
rPois    .         Spirit   .   (no helmet)
rElec    .         Reflect  .   (no cloak)
rCorr    .         Harm     .   (no gloves)
MR       .....                  (no boots)
Stlth    ++........             (no amulet)
HPRegen  0.05/turn              (no ring)
MPRegen  0.11/turn              (no ring)

@: slowed, very slow
A: no striking features
a: no special abilities


You were on level 2 of the Dungeon.
You were not hungry.

You visited 1 branch of the dungeon, and saw 2 of its levels.

You collected 63 gold pieces.

Inventory:

Hand Weapons
 e - a +2 dagger of protection (weapon)
Armour
 a - a +0 robe (worn)
Scrolls
 f - a scroll of fog {unknown}
 g - a scroll of enchant armour {unknown}
 h - a scroll of identify {unknown}
Books
 b - a book of Callings

   Spells                             Type                      Level
   a - Summon Small Mammal            Summoning                    1
   b - Call Imp                       Summoning                    2
   c - Call Canine Familiar           Summoning                    3
   d - Summon Guardian Golem          Hexes/Summoning              3
   e - Summon Lightning Spire         Summoning/Air                4
   f - Summon Ice Beast               Ice/Summoning                4
Comestibles
 c - 3 rations


   Skills:
 + Level 2.4 Dodging
 - Level 2.4 Stealth
 + Level 3.8 Spellcasting
 + Level 5.0 Summonings


You had 5 spell levels left.
You knew the following spells:

 Your Spells              Type           Power        Failure   Level  Hunger
a - Summon Small Mammal   Summ           ###.         1%          1    None
b - Call Imp              Summ           ###.....     2%          2    ##.....


Dungeon Overview and Level Annotations

Branches:
Dungeon (2/15)

Altars:
The Shining One

Annotations:
D:2 Natasha


Message History

Natasha mumbles some strange words.
Your surroundings suddenly seem different.
Found 8 gold pieces and a scroll labeled WERIRRIREMP.
Found a stone staircase leading down.
A frilled lizard and a leopard gecko come into view.
Unknown command.
Casting: Summon Small Mammal
Confirm with . or Enter, or press ? or * to list all spells.
Casting: Summon Small Mammal
Confirm with . or Enter, or press ? or * to list all spells.
A beastly little devil appears in a puff of flame.
The frilled lizard bites your quokka.
Your quokka barely misses the frilled lizard.
Your crimson imp blinks!
Your quokka misses the frilled lizard.
Unknown command.
Your quokka bites the frilled lizard.
Your crimson imp blinks!
The frilled lizard bites you.
You die...

# #.#.#.# .
#.#.#.#.#
..#.#.#.#.#
>.........
#....§.#
#.§....#
#......#
#....r.#
#....l@#
#....5.#
#....$.#
l........
##########


You could see a leopard gecko (sleeping), a frilled lizard, a friendly crimson
imp and a friendly quokka.

Vanquished Creatures
  A hobgoblin (D:1)
  A kobold (D:2)
  A rat (D:2)
3 creatures vanquished.

Vanquished Creatures (collateral kills)
  2 adders (D:2)
  A worm (D:2)
  A leopard gecko (D:1)
  2 giant cockroaches
  A goblin (D:1)
  2 hobgoblins
  A ball python (D:1)
  4 frilled lizards
  3 kobolds
17 creatures vanquished.

Grand Total: 20 creatures vanquished

Notes
Turn   | Place    | Note
-------+----------+-------------------------------------------
     0 | D:1      | Raybro228 the Deep Elf Summoner began the quest for the Orb.
     0 | D:1      | Reached XP level 1. HP: 10/10 MP: 6/6
   554 | D:2      | Reached XP level 2. HP: 15/15 MP: 2/8
   638 | D:2      | Found a glowing golden altar of the Shining One.
   777 | D:2      | Reached skill level 5 in Summonings
   906 | D:2      | Noticed Natasha
   912 | D:2      | Noticed a crimson imp
   914 | D:2      | Learned a level 2 spell: Call Imp
   929 | D:2      | Noticed a crimson imp
   937 | D:2      | Slain by a frilled lizard

Skill      XL: |  1  2 |
---------------+-------+-----
Summonings     | 5 |  5.0
Dodging        | |  2.4
Stealth        | |  2.4
Spellcasting   | |  3.8

Action                   || total
-------------------------++-------
Melee: Dagger            ||    18
       Unarmed           ||     1
 Cast: Summon Small Mamm ||    59
       Call Imp          ||     2
  Use: Scroll            ||     1
Armor: Robe              ||     6
Dodge: Dodged            ||    15
